 Dungeon Crawl Stone Soup version 0.27.1-15-g792fb953b9 (webtiles) character file.

Game seed: 13813635348891259332

14229 harvestpwn the Bludgeoner (level 11, -15/139 HPs)
             Began as a Minotaur Berserker on Nov 18, 2021.
             Was a High Priest of Trog.
             Killed from afar by a molten gargoyle (28 damage)
             ... with a bolt of magma
             ... on level 2 of the Lair of Beasts.
             The game lasted 01:02:59 (14026 turns).

harvestpwn the Bludgeoner (Minotaur Berserker)     Turns: 14026, Time: 01:02:59

Health: -15/139    AC: 22    Str: 26    XL:     11   Next: 86%
Magic:  10/10      EV:  9    Int:  4    God:    Trog [*****.]
Gold:   654        SH:  0    Dex:  9    Spells: 10/10 levels left

rFire    . . .     SeeInvis +   h - +3 whip (venom)
rCold    . . .     Faith    .   (no shield)
rNeg     . . .     Spirit   .   g - +0 chain mail
rPois    .         Reflect  .   a - +2 hat
rElec    .         Harm     .   E - +1 cloak
rCorr    .         Rampage  .   f - +0 pair of gloves
Will     .....                  (no boots)
Stlth    ..........             (no amulet)
HPRegen  0.33/turn              u - ring of see invisible
MPRegen  0.12/turn              y - +4 ring of protection

@: berserking (expiring), studying Armour, very quick
A: horns 2, retaliatory headbutt
a: Renounce Religion, Berserk, Trog's Hand, Brothers in Arms


You were on level 2 of the Lair of Beasts.
You worshipped Trog.
Trog was extremely pleased with you.
You visited 2 branches of the dungeon, and saw 11 of its levels.

You collected 654 gold pieces.

Inventory:

Hand Weapons
 d - a +3 spear
 h - a +3 whip of venom (weapon)
Missiles
 r - a throwing net (quivered)
 F - 48 poisoned darts
Armour
 a - a +2 hat (worn)
 f - a +0 pair of gloves (worn)
 g - a +0 chain mail (worn)
 s - the +1 robe of Supple Strength {rPois Str+4 Stlth+}
   (You found it on level 8 of the Dungeon)

   Str:       It affects your strength (+4).
   rPois:     It protects you from poison.
   Stlth:     It makes you more stealthy.
 E - a +1 cloak (worn)
Jewellery
 l - a ring of protection from fire
 u - a ring of see invisible (left hand)
 x - a +4 ring of protection
 y - a +4 ring of protection (right hand)
 z - a ring of fire
 J - a ring of fire
Wands
 e - a wand of mindburst (9)
 B - a wand of digging (5)
 G - a wand of acid (4)
 I - a wand of polymorph (7)
 L - a wand of iceblast (7)
Scrolls
 j - a scroll of enchant weapon
 k - a scroll of teleportation
 p - 4 scrolls of noise
 t - 2 scrolls of immolation
 v - a scroll of enchant armour
 C - a scroll of blinking
 D - a scroll of vulnerability {unknown}
 H - a scroll of summoning
 N - a scroll of fog
 O - a scroll of amnesia
Potions
 b - 2 potions of cancellation
 c - a potion of haste
 i - 2 potions of flight
 m - a potion of ambrosia
 n - 2 potions of mutation
 o - 3 potions of degeneration
 q - 5 potions of attraction
 w - 2 potions of might
 A - 2 potions of lignification
 K - 2 potions of curing


   Skills:
 + Level 7.7 Fighting
 - Level 3.8(11.7) Axes
 - Level 16.3(16.5) Maces & Flails
 - Level 2.3(3.4) Polearms
 - Level 13.0 Armour
 - Level 2.2 Dodging


You had 10 spell levels left.
You didn't know any spells.
Your spell library was empty.

Dungeon Overview and Level Annotations

Branches:
Dungeon (9/15)             Temple (0/1) D:5            Lair (2/6) D:8
  Swamp: Lair:2-4    Shoals: Lair:2-4     Snake: Lair:2-4    Spider: Lair:2-4
    Orc: D:9-12

Altars:
Dithmenos
Elyvilon
Hepliaklqana
Okawaru
Qazlal
Trog
Xom
Yredelemnul
The Shining One
Lugonu

Shops:
D:2 !

Portals:
Abyss: D:5


Innate Abilities, Weirdness & Mutations

You have a pair of horns on your head.
You reflexively headbutt those who attack you in melee.


Message History

The molten gargoyle is moderately damaged.
The molten gargoyle hits you with a +0 flail!
You are engulfed in flames!
A red film seems to cover your vision as you go berserk!
You feel yourself moving faster!
You feel mighty!
The molten gargoyle hits you but does no damage.
The molten gargoyle blasts magma at you!
The bolt of magma misses you.
You are too injured to fight recklessly!
You are too injured to fight recklessly!
You are too injured to fight recklessly!
You hit the molten gargoyle.
The molten gargoyle is moderately damaged.
The molten gargoyle hits you with a +0 mace.
You are engulfed in flames!
You closely miss the molten gargoyle.
Your headbutt misses the molten gargoyle.
The molten gargoyle is moderately damaged.
Okay, then.
You hit the molten gargoyle. You headbutt the molten gargoyle.
The molten gargoyle is heavily damaged.
The molten gargoyle blasts magma at you!
The bolt of magma hits you!
* * * LOW HITPOINT WARNING * * *
You barely miss the molten gargoyle. You headbutt the molten gargoyle.
The molten gargoyle is severely damaged.
The molten gargoyle blasts magma at you!
The bolt of magma hits you!!
* * * LOW HITPOINT WARNING * * *
You are too berserk!
You whack the molten gargoyle! You headbutt the molten gargoyle.
The molten gargoyle is heavily damaged.
You whack the molten gargoyle!
The molten gargoyle is almost destroyed.
You barely miss the molten gargoyle.
Your headbutt misses the molten gargoyle.
The molten gargoyle is almost destroyed.
The molten gargoyle blasts magma at you!
The bolt of magma hits you!!
You die...

#..#.......# #..........
#..........# ## ##......###
##..#.......##.###.......# #
#...+..............(.....#
##........#..............≈≈
#..P.....#........§≈≈≈..≈≈≈
##..P.....#........≈..≈..§≈§
#.....<...#...........≈..§§≈
#...#..).9#@.......§§§≈..
#...P.#..#9........≈≈≈≈..≈≈≈
##..................§.......
#........###.#.............
#..#.##..# #####...≈≈≈≈≈≈≈≈
#.....#..# #...§......§
#P.#...#..# ###...........
#. ........####.#...≈.......
..................≈.......


You could see a molten gargoyle.

Vanquished Creatures
  A hydra (Lair:1)
  2 two-headed ogres
  Erica (D:8)
  Joseph (D:9)
  Maurice (D:9)
  A molten gargoyle (Lair:2)
  3 cane toads
  Maggie (D:6)
  A komodo dragon (Lair:1)
  A troll (D:9)
  3 blink frogs (Lair:2)
  Sigmund (D:4)
  A spriggan (D:7)
  2 wyverns
  5 yaks
  3 fire elementals
  2 fire bats (Lair:2)
  A basilisk (Lair:1)
  A steam dragon (D:6)
  Grum (D:9)
  The ghost of y3s the Vandal, an amateur KoHu (D:5)
  Duvessa (D:4)
  6 water moccasins
  4 ice beasts
  2 orc warriors
  3 sky beasts (D:5)
  A necrophage (D:5)
  4 black bears
  3 ogres
  4 wolves (D:9)
  A kobold brigand (D:7)
  12 bullfrogs
  A wyvern zombie (D:6)
  9 scorpions
  Dowan (D:4)
  A water moccasin zombie (D:6)
  12 killer bees
  A water moccasin skeleton (D:4)
  7 howler monkeys
  3 centaur zombies
  3 jellies
  2 bullfrog zombies
  4 hounds
  5 orc priests
  Crazy Yiuf (D:6)
  A bullfrog skeleton (D:4)
  3 iguanas
  4 orc wizards (D:7)
  Terence (D:2)
  2 killer bee zombies
  2 hound skeletons
  A howler monkey skeleton (D:7)
  11 gnolls
  2 river rats (D:6)
  6 adders
  A shadow imp (D:7)
  2 white imps
  An ufetubus (D:5)
  2 worms
  A dart slug (D:2)
  20 orcs
  4 bats
  7 endoplasms
  5 giant cockroaches
  11 goblins
  7 hobgoblins
  6 jackals
  2 quokkas
  7 ball pythons
  2 frilled lizards (D:2)
  9 kobolds
  3 rats
  A lurking horror (D:5)
249 creatures vanquished.

Vanquished Creatures (others)
  30 fungi (D:8)
  A lurking horror (D:5)
  33 plants
  5 toadstools (D:1)
69 creatures vanquished.

Grand Total: 318 creatures vanquished

Notes
Turn   | Place    | Note
-------+----------+-------------------------------------------
     0 | D:1      | harvestpwn the Minotaur Berserker began the quest for the
                  | Orb.
     0 | D:1      | Reached XP level 1. HP: 19/19 MP: 0/0
    99 | D:1      | Reached skill level 1 in Polearms
   144 | D:1      | Reached XP level 2. HP: 27/27 MP: 1/1
   492 | D:2      | Reached skill level 1 in Maces & Flails
   538 | D:2      | Noticed Terence
   546 | D:2      | Killed Terence
   547 | D:2      | Reached skill level 2 in Maces & Flails
   547 | D:2      | Reached XP level 3. HP: 21/33 MP: 2/2
   549 | D:2      | Reached ** piety under Trog
   701 | D:2      | Reached skill level 3 in Maces & Flails
   765 | D:2      | Reached XP level 4. HP: 40/40 MP: 3/3
   965 | D:2      | Found a faded altar of an unknown god.
  1127 | D:2      | Found Moenah's Distillery.
  1512 | D:3      | Reached skill level 4 in Maces & Flails
  1535 | D:3      | Reached XP level 5. HP: 36/46 MP: 4/4
  1617 | D:3      | Reached skill level 5 in Maces & Flails
  2212 | D:4      | Noticed Sigmund
  2220 | D:4      | Killed Sigmund
  2221 | D:4      | Reached skill level 6 in Maces & Flails
  2221 | D:4      | Reached XP level 6. HP: 50/52 MP: 5/5
  2272 | D:4      | Reached skill level 7 in Maces & Flails
  2400 | D:4      | Found a hazy altar of Hepliaklqana.
  2454 | D:4      | Reached skill level 8 in Maces & Flails
  2455 | D:4      | Identified the +2 scale mail of the Well-Known Spirits
                  | {rElec Str+5 Int-5}
  2546 | D:4      | Reached XP level 7. HP: 54/58 MP: 6/6
  2697 | D:4      | Reached *** piety under Trog
  2823 | D:4      | Noticed Duvessa
  2824 | D:4      | Noticed Dowan
  2835 | D:4      | Killed Duvessa
  2836 | D:4      | Reached skill level 9 in Maces & Flails
  2844 | D:4      | Killed Dowan
  3129 | D:5      | Entered Level 5 of the Dungeon
  3351 | D:5      | Reached skill level 10 in Maces & Flails
  3499 | D:5      | Reached XP level 8. HP: 62/66 MP: 7/7
  3638 | D:5      | Reached skill level 11 in Maces & Flails
  4086 | D:5      | Found a staircase to the Ecumenical Temple.
  4260 | D:5      | Found a runed translucent gate.
  4261 | D:5      | Found a runed translucent gate.
  4262 | D:5      | Found a runed translucent gate.
  4262 | D:5      | Noticed y3s's ghost (amateur KoHu)
  4350 | D:5      | Found a corrupted altar of Lugonu.
  4517 | D:5      | Found a one-way gate to the infinite horrors of the Abyss.
  4675 | D:5      | Found a shimmering altar of Xom.
  4675 | D:5      | Found a stormy altar of Qazlal.
  4849 | D:5      | Found a bloodstained altar of Trog.
  4849 | D:5      | Found an iron altar of Okawaru.
  4964 | D:5      | Reached skill level 12 in Maces & Flails
  5045 | D:5      | Killed y3s's ghost
  5163 | D:6      | Reached skill level 13 in Maces & Flails
  5266 | D:6      | Reached XP level 9. HP: 68/71 MP: 8/8
  5286 | D:6      | Noticed Maggie
  5310 | D:6      | Killed Maggie
  5726 | D:6      | Reached skill level 14 in Maces & Flails
  6357 | D:6      | Found a runed translucent door.
  6358 | D:6      | Noticed Crazy Yiuf
  6366 | D:6      | Killed Crazy Yiuf
  7113 | D:7      | Found a glowing golden altar of the Shining One.
  7327 | D:7      | Reached **** piety under Trog
  7328 | D:7      | Reached skill level 15 in Maces & Flails
  7391 | D:6      | HP: 1/71 [poisoned by a water moccasin]
  8010 | D:7      | Reached XP level 10. HP: 71/78 MP: 9/9
  8386 | D:7      | Reached skill level 16 in Maces & Flails
  8684 | D:8      | Identified the +1 robe of Supple Strength {rPois Str+4
                  | Stlth+}
  8879 | D:8      | Reached skill level 5 in Armour
  9065 | D:8      | Found a basalt altar of Yredelemnul.
  9102 | D:8      | Noticed Erica
  9128 | D:8      | Killed Erica
  9380 | D:8      | Noticed a two-headed ogre
  9389 | D:8      | Killed a two-headed ogre
  9586 | D:8      | Found a white marble altar of Elyvilon.
  9654 | D:8      | Found a staircase to the Lair.
  9866 | D:9      | Reached ***** piety under Trog
  9939 | D:9      | Noticed Grum
  9958 | D:9      | Reached XP level 11. HP: 67/83 MP: 10/10
  9966 | D:9      | Killed Grum
  9967 | D:9      | Reached skill level 10 in Armour
 10083 | D:9      | Noticed a two-headed ogre
 10094 | D:9      | Noticed Joseph
 10096 | D:9      | Killed a two-headed ogre
 10129 | D:9      | Killed Joseph
 10625 | D:9      | Found a shadowy altar of Dithmenos.
 10654 | D:9      | Noticed Maurice
 10678 | D:9      | Killed Maurice
 11012 | Lair:1   | Entered Level 1 of the Lair of Beasts
 11012 | Lair:1   | Noticed a six-headed hydra
 11020 | Lair:1   | Killed a six-headed hydra
 12723 | Lair:2   | Reached skill level 5 in Fighting
 13515 | Lair:2   | Identified a scroll of acquirement
 13516 | Lair:2   | Acquired a manual of Armour
 14026 | Lair:2   | Killed from afar by a molten gargoyle

Illustrated notes

Levels and vault maps discovered:
D:1:      ldierk_walled_garden, layout_rooms
D:2:      layout_loops_cross, serial_shops, shop, basic_ecumenical_altar,
          uniq_terence
D:3:      layout_basic
D:4:      minmay_angry_zag, layout_loops_ring, nicolae_overflow_crystal_walls,
          uniq_duvessa, uniq_sigmund
D:5:      layout_loops_cross, grunt_temple_overflow_bloody_war,
          gammafunk_temple_overflow_pools, minmay_temple_entry_water_ring,
          gammafunk_ghost_split, grunt_ministairs_12,
          amcnicky_altar_lugonu_corruption
D:6:      layout_loops_ring, gup_sewer_entry_bubbles, minmay_misc_feat_encased,
          uniq_maggie, uniq_crazy_yiuf_cottage
D:7:      layout_cave_pools, kennysheep_mini_moat, the_hattery
D:8:      layout_cave_pools, kennysheep_ying_yang, due_lair_maze_entry_diamond,
          uniq_erica
D:9:      layout_irregular_city, nicolae_overflow_hidden_temple, serial_glass,
          glass_columns_c, glass_columns_a, glass_columns_a, glass_columns_a,
          glass_columns_a, glass_columns_c, glass_columns_a, glass_columns_b,
          uniq_grum, uniq_maurice, uniq_joseph
Lair:1:   layout_roguey, grunt_megastairs_2
Lair:2:   statuecave_lemuel, layout_chaotic_city, lemuel_fruit_tree

Skill      XL: |  1  2  3  4  5  6  7  8  9 10 11 |
---------------+----------------------------------+-----
Polearms       | 1 2 |  2.3
Maces & Flails | 2 3 4 6 8 10 13 15 16 | 16.3
Armour         | 9 13 | 13.0
Fighting       | 7 |  7.7
Axes           | |  3.8
Dodging        | |  2.2

Action                   |  1- 3 |  4- 6 |  7- 9 | 10-12 || total
-------------------------+-------+-------+-------+-------++-------
Melee: Hand axe          |     5 |       |       |       ||     5
       Spear             |    17 |       |       |       ||    17
       Headbutt          |     6 |    16 |    76 |    85 ||   183
       Whip              |    35 |   106 |   396 |   436 ||   973
Invok: Berserk           |       |       |     3 |     3 ||     6
       Trog's Hand       |       |       |     1 |       ||     1
  Use: Potion            |     1 |       |     1 |       ||     2
       Scroll            |       |       |    15 |    10 ||    25
Armor: Chain mail        |    20 |    29 |   156 |   178 ||   383
       Animal skin       |     1 |       |       |       ||     1
Dodge: Dodged            |    23 |    26 |    92 |   125 ||   266
